 Dungeon Crawl Stone Soup version 0.30.1-6-gbe392663c4 (webtiles) character file.

Game seed: 7684129515486404203

205 Ivernyr the Shield-Bearer (level 6, 0/48 HPs)
             Began as a Formicid Fighter on Sept 20, 2023.
             Slain by a gnoll sergeant
             ... wielding a +0 spear
              (7 damage)
             ... on level 4 of the Dungeon.
             The game lasted 00:05:07 (2996 turns).

Ivernyr the Shield-Bearer (Formicid Fighter)        Turns: 2996, Time: 00:05:08

Health: 0/48       AC:  8    Str: 22    XL:     6   Next: 10%
Magic:  6/6        EV:  9    Int:  8    God:
Gold:   255        SH:  5    Dex: 13    Spells: 5/5 levels left

rFire   . . .        a - +0 quarterstaff
rCold   . . .        c - +0 buckler
rNeg    . . .        b - +0 scale mail
rPois   .            (helmet unavailable)
rElec   .            (no cloak)
rCorr   .            (no gloves)
SInv    +            t - +0 pair of boots
Will    .....        (no amulet) Stlth
                     (no ring)
HPRegen 0.28/turn    (no ring)
MPRegen 0.10/turn

%: no passive effects
@: no status effects
A: permanent stasis, dig shafts and tunnels, antennae 3, four strong arms
a: Dig, Shaft Self


You were on level 4 of the Dungeon.
You visited 1 branch of the dungeon, and saw 4 of its levels.

You collected 255 gold pieces.

Inventory:

Hand Weapons
 a - a +0 quarterstaff (weapon)
Armour
 b - a +0 scale mail (worn)
 c - a +0 buckler (worn)
 t - a +0 pair of boots (worn)
Jewellery
 u - a +5 ring of evasion
Wands
 s - a wand of quicksilver (12)
 x - a wand of charming (13)
Scrolls
 f - 3 scrolls of magic mapping {unknown}
 g - a scroll of acquirement {unknown}
 j - a scroll of enchant weapon {unknown}
 k - 2 scrolls of poison {unknown}
 l - a scroll of immolation {unknown}
 n - 3 scrolls of noise {unknown}
 o - a scroll of fog {unknown}
 r - a scroll of vulnerability {unknown}
 w - a scroll of fear {unknown}
 y - a scroll of blinking {unknown}
Potions
 d - 2 potions of might
 e - 5 potions of curing {unknown}
 h - 4 potions of magic {unknown}
 i - 3 potions of lignification {unknown}
 m - a potion of brilliance {unknown}
 p - 2 potions of mutation {unknown}
 q - 2 potions of flight {unknown}
 v - a potion of haste {unknown}


   Skills:
 + Level 4.2 Fighting
 * Level 3.9 Staves
 + Level 4.2 Armour
 + Level 5.1 Shields


You had 5 spell levels left.
You didn't know any spells.
Your spell library contained the following spells:

 Spells                   Type           Power      Damage    Failure   Level
 Freeze                   Ice            0%         1d3       80%         1
 Sandblast                Erth           0%         2d4       80%         1
 Summon Small Mammal      Summ           0%         N/A       80%         1
 Passwall                 Tmut/Erth      0%         N/A       90%         2
 Call Canine Familiar     Summ           0%         N/A       99%         3
 Frozen Ramparts          Ice            0%         1d1       99%         3
 Gell's Gravitas          Tloc           0%         N/A       99%         3
 Hailstorm                Conj/Ice       0%         3d3       99%         3
 Stone Arrow              Conj/Erth      0%         3d7       99%         3
 Summon Guardian Golem    Hex/Summ       0%         N/A       99%         3
 Teleport Other           Tloc           0%         N/A       99%         3
 Dispersal                Tloc           0%         N/A       100%        6


Dungeon Overview and Level Annotations

Branches:
Dungeon (4/15)
 Temple: D:4-7

Altars:
Hepliaklqana
Kikubaaqudgha
Makhleb
Okawaru
Trog
Wu Jian
Yredelemnul
Zin

Shops:
D:1 *


Innate Abilities, Weirdness & Mutations

You cannot be hasted, slowed, berserked, paralysed or teleported.
You can dig through walls and to a lower floor.
You have a pair of large antennae on your head. (SInv)
Your four strong arms can wield two-handed weapons with a shield.


Message History

The gnoll sergeant hits you but does no damage.
The gnoll sergeant hits you with a +0 spear!
You hit the gnoll sergeant.
The gnoll sergeant is lightly wounded.
The gnoll sergeant closely misses you. The gnoll hits you but does no damage.
You hit the gnoll sergeant but do no damage.
The gnoll sergeant is lightly wounded.
The gnoll sergeant hits you but does no damage.
The gnoll barely misses you.
You barely miss the gnoll sergeant.
The gnoll sergeant is lightly wounded.
The gnoll sergeant hits you but does no damage.
You block the gnoll's attack.
You hit the gnoll sergeant.
The gnoll sergeant is lightly wounded.
The gnoll sergeant hits you with a +0 spear!
The gnoll hits you from afar with a +0 halberd.
* * * LOW HITPOINT WARNING * * *
You hit the gnoll sergeant.
The gnoll sergeant is moderately wounded.
The gnoll sergeant barely misses you. The gnoll barely misses you.
Unknown command.
You thump the gnoll sergeant!
The gnoll sergeant is heavily wounded.
The gnoll sergeant hits you with a +0 spear!
* * * LOW HITPOINT WARNING * * *
You block the gnoll's attack.
You barely miss the gnoll sergeant.
The gnoll sergeant is heavily wounded.
The gnoll sergeant hits you but does no damage.
You block the gnoll's attack.
You hit the gnoll sergeant but do no damage.
The gnoll sergeant is heavily wounded.
You block the gnoll sergeant's attack. You block the gnoll's attack.
The gnoll sergeant hits you with a +0 spear.
* * * LOW HITPOINT WARNING * * *
You block the gnoll's attack.
The gnoll sergeant attacks as you move away!
The gnoll sergeant hits you with a +0 spear!
You die...

...g.g{..g{##
##....##..........
....{...##g{##
#....##.########.
........###g.##
#................
........# ##..#
#######.#######.#
........# ##.#### #.#
#. #############.{.g#
#.# ###
#........{#g#### #.# #
#.........#g...# #.# #
#.........#@##.# #.# #
#.........#.##.# #.#
### #...........##.#
..# #.........#....#
..# #####..........###
..# #.).............#
..#####.##..........#.#
............##.##...#.#
######...#...#.#....#..


You could see a gnoll sergeant and 2 gnolls.

Vanquished Creatures
  An orc priest (D:2)
  A sleepcap (D:4)
  A gnoll (D:2)
  6 adders
  A dart slug (D:1)
  3 orcs (D:2)
  7 ball pythons
  8 bats
  3 endoplasms
  2 giant cockroaches
  8 goblins
  3 hobgoblins
  12 jackals
  4 kobolds
  3 quokkas (D:2)
  7 frilled lizards
  7 rats
77 creatures vanquished.

Notes
Turn   | Place    | Note
-------+----------+-------------------------------------------
     0 | D:1      | Ivernyr the Formicid Fighter began the quest for the Orb.
     0 | D:1      | Reached XP level 1. HP: 18/18 MP: 1/1
    88 | D:1      | Reached XP level 2. HP: 16/24 MP: 2/2
   205 | D:1      | Reached XP level 3. HP: 29/29 MP: 3/3
   431 | D:1      | Found Ifyemaf's Assorted Antiques.
   972 | D:2      | Reached XP level 4. HP: 12/37 MP: 4/4
  1537 | D:2      | Reached XP level 5. HP: 6/42 MP: 5/5
  1714 | D:2      | Found a faded altar of an unknown god.
  2017 | D:3      | Reached skill level 5 in Shields
  2285 | D:3      | Found an ornate altar of the Wu Jian Council.
  2340 | D:3      | Found an ancient bone altar of Kikubaaqudgha.
  2344 | D:3      | Found an iron altar of Okawaru.
  2374 | D:3      | Found a bloodstained altar of Trog.
  2375 | D:3      | Found a basalt altar of Yredelemnul.
  2376 | D:3      | Found a hazy altar of Hepliaklqana.
  2377 | D:3      | Found a glowing silver altar of Zin.
  2430 | D:3      | Identified the +1 ring mail of Nenov {Int+5}
  2740 | D:4      | Found a burning altar of Makhleb.
  2820 | D:4      | Reached XP level 6. HP: 42/48 MP: 6/6
  2996 | D:4      | Slain by a gnoll sergeant

Illustrated notes

Levels and vault maps discovered:
D:1:      dpeg_arrival_oval, layout_basic, serial_shops,
          nicolae_shop_statue_plus, st_stairs_12, kennysheep_boxes
D:2:      minmay_chambers_of_twos, layout_rooms,
          shapermc_ecumenical_altar_mp_urbaneastern, minmay_tiny_reverse_x
D:3:      layout_loops_cross, minitemple, mainiacjoe_overflow_paths
D:4:      layout_basic, mainiacjoe_overflow_small_starburst, lightli_minifort

Skill      XL: |  1  2  3  4  5 |
---------------+----------------+-----
Staves         | 3 |  3.9
Armour         | 4 |  4.2
Fighting       | 4 |  4.2
Shields        | 5 |  5.1

Action                     |  1- 3 |  4- 6 || total
---------------------------+-------+-------++-------
  Melee: Quarterstaff      |    80 |   149 ||   229
 Armour: Scale mail        |    35 |    66 ||   101
  Dodge: Dodged            |    39 |    73 ||   112
  Block: Buckler           |    20 |    32 ||    52
